 Dungeon Crawl Stone Soup version 0.19.1-1-g22dce08 (webtiles) character file.

954 Peloso the Slasher (level 8, -2/68 HPs)
             Began as a Ghoul Fighter on Jan 1, 2017.
             Was a Follower of Okawaru.
             Slain by Duvessa
             ... wielding a +0 rapier
              (5 damage)
             ... on level 6 of the Dungeon.
             The game lasted 00:12:58 (4878 turns).

Peloso the Slasher (Ghoul Fighter)                  Turns: 4878, Time: 00:12:58

Health: -2/68      AC: 10    Str: 20    XL:     8   Next: 14%
Magic:  16/16      EV:  6    Int:  3    God:    Okawaru [*.....]
Gold:   259        SH: 10    Dex: 21    Spells: 0 memorised, 7 levels left

rFire  . . .     SeeInvis +     a - +0 long sword
rCold  . . .     Gourm    .     m - +0 chain mail
rNeg   + + +     Faith    .     c - +0 shield
rPois  ∞         Spirit   .     (no helmet)
rElec  .         Reflect  .     e - +0 cloak
rCorr  .         Harm     .     (no gloves)
MR     .....                    (no boots)
Stlth  ..........               l - amulet of magic regeneration
                                x - ring "Zisial" {Wiz rC- MP+9 Dex+6 SInv}
                                g - +5 ring of dexterity

@: rotting
A: rotting body, claws 1, carnivore 3, cold resistance 1, negative energy
resistance 3, slow regeneration 1, torment resistance, unbreathing
a: Heroism, Renounce Religion


You were on level 6 of the Dungeon.
You worshipped Okawaru.
Okawaru was aware of your devotion.
You were not hungry.

You visited 2 branches of the dungeon, and saw 7 of its levels.

You collected 259 gold pieces.

Inventory:

Hand Weapons
 a - a +0 long sword (weapon)
Armour
 c - a +0 shield (worn)
 e - a +0 cloak (worn)
 m - a +0 chain mail (worn)
Jewellery
 g - a +5 ring of dexterity (left claw)
 l - an amulet of magic regeneration (around neck)
 o - an uncursed ring of poison resistance
 x - the ring "Zisial" (right claw) {Wiz rC- MP+9 Dex+6 SInv}
   (You found it on level 4 of the Dungeon)

   [ring of wizardry]

   It improves your spell success rate.
   It affects your dexterity (+6).
   It makes you vulnerable to cold.
   It affects your magic capacity (+9).
   It lets you see invisible.
 z - an uncursed ring of fire
Wands
 b - a wand of slowing (18/48)
 t - a wand of confusion (27/48)
 w - a wand of confusion (43/48)
Scrolls
 j - 5 scrolls of blinking
 k - 6 scrolls of remove curse
 n - 5 scrolls of teleportation
 p - 3 scrolls of identify
 v - a scroll of fog {unknown}
 C - a scroll of noise {unknown}
 F - a scroll of recharging
Potions
 d - 2 potions of might
 i - a potion of brilliance
 q - a potion of magic {unknown}
 r - 4 potions of agility
 s - a potion of lignification {unknown}
 A - a potion of berserk rage {unknown}
 E - a potion of haste {unknown}
Books
 y - a book of Minor Magic

   Spells                             Type                      Level
   a - Magic Dart                     Conjuration                  1
   b - Blink                          Translocation                2
   c - Call Imp                       Summoning                    2
   d - Repel Missiles                 Charms/Air                   2
   e - Slow                           Hexes                        2
   f - Conjure Flame                  Conjuration/Fire             3
   g - Mephitic Cloud                 Conjuration/Poison/Air       3
 B - a book of Misfortune

   Spells                             Type                      Level
   a - Confusing Touch                Hexes                        1
   b - Confuse                        Hexes                        3
   c - Gell's Gravitas                Hexes/Translocation          3
   d - Petrify                        Transmutation/Earth          4
   e - Metabolic Englaciation         Hexes/Ice                    5
   f - Yara's Violent Unravelling     Hexes/Transmutation          5
 G - a book of Geomancy

   Spells                             Type                      Level
   a - Sandblast                      Earth                        1
   b - Passwall                       Transmutation/Earth          2
   c - Stone Arrow                    Conjuration/Earth            3
   d - Petrify                        Transmutation/Earth          4
   e - Lee's Rapid Deconstruction     Earth                        5
Comestibles
 f - 3 meat rations
 u - a royal jelly
 D - a slice of pizza


   Skills:
 + Level 5.0 Fighting
 + Level 5.3 Long Blades
 + Level 4.3 Armour
 + Level 1.5 Dodging
 + Level 1.2 Stealth
 + Level 4.6 Shields


You had 7 spell levels left.
You didn't know any spells.

Dungeon Overview and Level Annotations

Branches:
Dungeon (6/15)             Temple (1/1) D:4

Altars:
Ashenzari
Cheibriados
Dithmenos
Elyvilon
Gozag
Hepliaklqana
Kikubaaqudgha
Makhleb
Okawaru
Qazlal
Ru
Sif Muna
Trog
Uskayaw
Vehumet
Xom
Yredelemnul
Zin

Shops:
D:5 *

Annotations:
D:6 Duvessa


Innate Abilities, Weirdness & Mutations

Your body is rotting away.
You thrive on raw meat.
You are immune to poison.
You have sharp fingernails.
You are carnivorous and can eat meat at any time.
Your flesh is cold resistant. (rC+)
You are immune to negative energy. (rN+++)
You regenerate slowly when monsters are visible.
You are immune to unholy pain and torment.
You can survive without breathing.


Message History

Duvessa is almost dead.
Duvessa hits you with a rapier!
* * * LOW HITPOINT WARNING * * *
You hit Duvessa.
Duvessa is almost dead.
You block Duvessa's attack. x2
You completely miss Duvessa.
Duvessa is almost dead.
You are no longer glowing.
You block Duvessa's attack. Duvessa hits you but does no damage.
You completely miss Duvessa.
Duvessa is almost dead.
Duvessa hits you but does no damage.
You hit Duvessa.
Duvessa is almost dead.
Duvessa hits you but does no damage. Duvessa closely misses you.
Your shield and chain mail prevent you from hitting Duvessa.
Duvessa is almost dead.
Duvessa hits you with a rapier.
You die...

... .. #..#.#
.....#..#.# . # ....
#....####.# +.....
#.......... .#..#
#.......#.. ...#
#..#....... #..
#..@e# # #.#######.#
..
#<........###+#...
#.................
#........>......(.
#................#
#..............###
...................
#...############..).


You could see Duvessa (berserk).

Vanquished Creatures
  2 ice beasts (D:5)
  A phantom (D:4)
  An ogre (D:5)
  Dowan (D:6)
  A scorpion (D:4)
  A howler monkey (D:5)
  An orc priest (D:4)
  Crazy Yiuf (D:4)
  An orc wizard (D:3)
  A centaur skeleton (D:4)
  3 hounds
  A jelly (D:4)
  A worker ant (D:5)
  4 gnolls
  6 adders
  An ooze (D:2)
  An adder skeleton (D:4)
  3 worms (D:2)
  2 dart slugs
  A leopard gecko (D:4)
  13 orcs
  8 bats
  14 giant cockroaches
  3 goblins
  5 hobgoblins
  3 jackals (D:1)
  6 quokkas
  2 ball pythons
  3 frilled lizards
  2 jackal skeletons (D:4)
  A jackal zombie (D:5)
  4 kobolds
  12 rats
110 creatures vanquished.

Notes
Turn   | Place    | Note
-------+----------+-------------------------------------------
     0 | D:1      | Peloso the Ghoul Fighter began the quest for the Orb.
     0 | D:1      | Reached XP level 1. HP: 19/19 MP: 0/0
   371 | D:1      | Reached XP level 2. HP: 21/26 MP: 1/1
   951 | D:2      | Reached XP level 3. HP: 29/31 MP: 2/2
   999 | D:2      | Found a hide-covered altar of Uskayaw.
  1010 | D:2      | Found a hazy altar of Hepliaklqana.
  1150 | D:2      | Reached XP level 4. HP: 29/40 MP: 3/3
  1254 | D:2      | Found a shimmering altar of Xom.
  1884 | D:3      | Reached skill level 1 in Dodging
  1884 | D:3      | Reached XP level 5. HP: 34/46 MP: 4/4
  2446 | D:4      | Reached skill level 1 in Stealth
  2446 | D:4      | Reached XP level 6. HP: 16/52 MP: 5/5
  2794 | D:4      | Got a warped gossamer ring
  2796 | D:4      | Identified the ring "Zisial" {Wiz rC- MP+9 Dex+6 SInv} (You found it on level 4 of the Dungeon)
  3048 | D:4      | Found a staircase to the Ecumenical Temple.
  3152 | Temple   | Entered the Ecumenical Temple
  3213 | Temple   | Became a worshipper of Warmaster Okawaru
  3321 | D:4      | Noticed a phantom
  3365 | D:4      | Killed a phantom
  3365 | D:4      | Reached XP level 7. HP: 33/57 MP: 6/6
  3392 | D:4      | Found a runed door.
  3498 | D:4      | Found a burning altar of Makhleb.
  3749 | D:4      | Noticed Crazy Yiuf
  3753 | D:4      | Killed Crazy Yiuf
  3796 | D:5      | Entered Level 5 of the Dungeon
  3913 | D:5      | Found Zin's Purification Station.
  3915 | D:5      | Found a glowing silver altar of Zin.
  3982 | D:5      | Reached * piety under Okawaru
  3982 | D:5      | Reached skill level 5 in Long Blades
  4298 | D:5      | Reached XP level 8. HP: 23/67 MP: 7/7
  4541 | D:5      | Found a shadowy altar of Dithmenos.
  4552 | D:5      | Reached skill level 5 in Fighting
  4845 | D:6      | Noticed Duvessa
  4846 | D:6      | Noticed Dowan
  4864 | D:6      | Killed Dowan
  4873 | D:6      | HP: 2/68 [Duvessa/rapier (12)]
  4878 | D:6      | Slain by Duvessa

Skill      XL: |  1  2  3  4  5  6  7  8 |
---------------+-------------------------+-----
Armour         | 3 4 |  4.3
Long Blades    | 2 3 4 5 |  5.3
Shields        | 3 4 |  4.6
Dodging        | 1 |  1.5
Stealth        | 1 |  1.2
Fighting       | 4 5 |  5.0

Action                   |  1- 3 |  4- 6 |  7- 9 || total
-------------------------+-------+-------+-------++-------
Melee: Long sword        |    92 |   256 |   129 ||   477
  Use: Scroll            |       |       |    11 ||    11
       Potion            |       |       |     2 ||     2
  Eat: Chunk             |     6 |    12 |     3 ||    21
Armor: Scale mail        |    12 |       |       ||    12
       Chain mail        |    32 |   141 |    65 ||   238
Dodge: Dodged            |    23 |    78 |    34 ||   135
Block: Shield            |    50 |   150 |    56 ||   256
       Rpst.: Long sword |     7 |    28 |     7 ||    42
